 Dungeon Crawl Stone Soup version 0.28-a0-1412-gf95308ed99 (webtiles) character file.

Game seed: 3310684048011494750

392 HallandMoats the Skirmisher (level 6, -3/52 HPs)
             Began as a Ghoul Fighter on Jan 6, 2022.
             Was a Follower of Qazlal.
             Slain by a water moccasin (6 damage)
             ... on level 5 of the Dungeon.
             The game lasted 00:04:44 (3993 turns).

HallandMoats the Skirmisher (Ghoul Fighter)         Turns: 3993, Time: 00:04:45

Health: -3/52      AC:  6    Str: 20    XL:     6   Next: 81%
Magic:  6/6        EV:  9    Int:  3    God:    Qazlal [*.....]
Gold:   198        SH:  6    Dex: 10    Spells: 5/5 levels left

rFire   . . .      SeeInvis .   b - +0 hunting sling (vorpal)
rCold   + + .      Faith    .   c - +0 buckler
rNeg    + + +      Spirit   .   j - +0 scale mail
rPois   ∞          Reflect  .   (no helmet)
rElec   .          Harm     .   (no cloak)
rCorr   .          Rampage  .   (no gloves)
Will    .....                   (no boots)
Stlth   ..........              (no amulet)
HPRegen 0.00/turn               g - ring of protection from cold
MPRegen 0.10/turn               (no ring)

@: lit by a corona, inhibited regen, glowing
A: claws 1, cold resistance 1, negative energy resistance 3, inhibited
regeneration, torment resistance 2
a: Renounce Religion


You were on level 5 of the Dungeon.
You worshipped Qazlal.
Qazlal was aware of your devotion.
You visited 1 branch of the dungeon, and saw 5 of its levels.
You also visited: Sewer.

You collected 198 gold pieces.

Inventory:

Hand Weapons
 a - a +0 war axe
 b - a +0 vorpal hunting sling (weapon)
Missiles
 k - 68 stones (quivered ammo)
Armour
 c - a +0 buckler (worn)
 j - a +0 scale mail (worn)
Jewellery
 g - a ring of protection from cold (left claw)
Scrolls
 h - 4 scrolls of identify {unknown}
 l - a scroll of magic mapping {unknown}
 m - a scroll of fog {unknown}
 n - 4 scrolls of teleportation {unknown}
 q - 2 scrolls of amnesia {unknown}
 r - 2 scrolls of noise {unknown}
 t - 3 scrolls of holy word {unknown}
Potions
 d - a potion of resistance {unknown}
 e - a potion of attraction {unknown}
 f - a potion of degeneration {unknown}
 i - a potion of berserk rage {unknown}
 o - a potion of haste {unknown}
 p - a potion of might
 s - a potion of lignification {unknown}


   Skills:
 + Level 3.8 Fighting
 * Level 3.1 Axes
 * Level 1.7(2.2) Slings
 * Level 1.9(2.3) Throwing
 + Level 3.3 Armour
 + Level 1.8 Dodging
 + Level 3.3 Shields
 * Level 2.5 Invocations


You had 5 spell levels left.
You didn't know any spells.
Your spell library contained the following spells:

 Spells                   Type           Power      Damage    Failure   Level
 Magic Dart               Conj           0%         1d3       92%         1
 Call Imp                 Summ           0%         N/A       98%         2
 Scorch                   Fire           0%         2d5       98%         2
 Mephitic Cloud           Conj/Pois/Air  0%         N/A       100%        3
 Ozocubu's Armour         Ice            0%         N/A       100%        3
 Flame Wave               Conj/Fire      0%         2d4       100%        4
 Summon Cactus Giant      Summ           0%         N/A       100%        6
 Ozocubu's Refrigeration  Ice            0%         4d5       100%        7


Dungeon Overview and Level Annotations

Branches:
Dungeon (5/15)              Sewer (visited)
 Temple: D:4-7

Altars:
Ashenzari
Qazlal

Shops:
D:4 =


Innate Abilities, Weirdness & Mutations

You thrive by killing the living.
You are immune to poison.
You have sharp fingernails.
Your flesh is cold resistant. (rC+)
You are immune to negative energy. (rN+++)
You do not regenerate when monsters are visible.
You are immune to unholy pain and torment.


Message History

There are monsters nearby!
You shoot a stone.
The stone hits the gnoll shaman but does no damage.
There are monsters nearby!
You shoot a stone. The stone hits the gnoll shaman.
The gnoll shaman is lightly wounded.
A water moccasin comes into view.
The gnoll shaman calls upon its god to speed up the gnoll.
The gnoll seems to speed up.
There are monsters nearby!
You shoot a stone. The water moccasin hisses angrily.
The stone hits the gnoll shaman.
The gnoll shaman is moderately wounded.
The gnoll hits you with a +0 club. You block the gnoll's attack.
The gnoll hits you from afar with a +0 halberd!
There are monsters nearby!
You shoot a stone.
The stone barely misses the gnoll shaman.
The gnoll hits you with a +0 club. You block the gnoll's attack.
The gnoll shaman hits you with a +0 whip!
The gnoll hits you from afar with a +0 halberd!
* * * LOW HITPOINT WARNING * * *
The gnoll hits you but does no damage.
An orc comes into view. It is wielding a +0 mace.
You block the gnoll's attack. x2
The gnoll hits you from afar with a +0 halberd.
* * * LOW HITPOINT WARNING * * *
The gnoll hits you from afar with a +0 spear.
* * * LOW HITPOINT WARNING * * *
You block the water moccasin's attack.
The water moccasin bites you but does no damage.
The orc shouts!
You hear a shout! x2
The water moccasin bites you but does no damage.
The water moccasin bites you but does no damage.
There is a stone staircase leading up here.
The water moccasin bites you.
* * * LOW HITPOINT WARNING * * *
The water moccasin bites you.
You die...

#. # #.###
# #
###.o.###
#.......#
#...(...#
#....(..###
#.g........
#gg....(.<.
#Sg.....(..
#@.........
#.........(
########...
... ..


You could see a water moccasin, a gnoll shaman, 3 gnolls and an orc.

Vanquished Creatures
  Pargi (Sewer)
  A water moccasin zombie (D:5)
  A jelly (D:5)
  An orc priest (D:4)
  A hound (D:5)
  5 gnolls
  2 adders
  2 adder skeletons (D:4)
  4 worms
  5 orcs
  14 ball pythons
  4 bats
  4 endoplasms
  4 giant cockroaches
  5 hobgoblins
  3 quokkas
  2 frilled lizards
  4 goblins
  A kobold (D:2)
  6 rats
70 creatures vanquished.

Notes
Turn   | Place    | Note
-------+----------+-------------------------------------------
     0 | D:1      | HallandMoats the Ghoul Fighter began the quest for the Orb.
     0 | D:1      | Reached XP level 1. HP: 19/19 MP: 0/0
   355 | D:1      | Reached XP level 2. HP: 26/26 MP: 1/1
  1051 | D:2      | Reached XP level 3. HP: 13/31 MP: 2/2
  1453 | D:2      | Reached skill level 1 in Dodging
  1472 | D:2      | Reached skill level 1 in Invocations
  1531 | D:2      | Found a faded altar of an unknown god.
  2068 | D:2      | Prayed at the altar of an unknown god.
  2068 | D:2      | Became a worshipper of Qazlal Stormbringer
  2068 | D:2      | Reached * piety under Qazlal
  2180 | D:3      | Found a glowing drain.
  2228 | Sewer    | Entered a sewer
  2241 | Sewer    | Noticed Pargi
  2250 | Sewer    | Killed Pargi
  2251 | Sewer    | Reached skill level 1 in Slings
  2251 | Sewer    | Reached skill level 1 in Throwing
  2251 | Sewer    | Reached XP level 4. HP: 20/39 MP: 2/4
  2251 | Sewer    | Reached XP level 5. HP: 24/45 MP: 2/5
  3293 | D:4      | Found a broken altar of Ashenzari.
  3350 | D:4      | Reached XP level 6. HP: 30/52 MP: 6/6
  3652 | D:4      | Found Sowneni's Jewellery Shoppe.
  3728 | D:4      | Reached ** piety under Qazlal
  3835 | D:5      | Entered Level 5 of the Dungeon
  3979 | D:5      | Noticed a water moccasin
  3993 | D:5      | Slain by a water moccasin

Illustrated notes

Levels and vault maps discovered:
D:1:      dpeg_arrival_castle, layout_basic
D:2:      layout_basic, chequers_ecumenical_altar_island
D:3:      layout_loops_ring, cheibrodos_sewer_entry_sluice
D:4:      layout_basic, mainiacjoe_overflow_paths, serial_shops,
          kennysheep_mini, hangedman_decor_push
D:5:      layout_basic, grunt_decor_mini_mirrors, st_stairs_4, uniq_eustachio

Skill      XL: |  1  2  3  4  5  6 |
---------------+-------------------+-----
Axes           | 2 3 |  3.1
Armour         | 3 |  3.3
Shields        | 3 |  3.3
Dodging        | 1 |  1.8
Invocations    | 1 2 |  2.5
Slings         | 1 |  1.7
Throwing       | 1 |  1.9
Fighting       | |  3.8

Action                   |  1- 3 |  4- 6 || total
-------------------------+-------+-------++-------
Melee: War axe           |   110 |    18 ||   128
 Fire: Hunting sling     |    17 |   129 ||   146
  Use: Potion            |     1 |       ||     1
Armor: Scale mail        |    61 |    30 ||    91
Dodge: Dodged            |    39 |    29 ||    68
Block: Buckler           |    24 |    29 ||    53

Table legend: (Time is in decaauts)
 A = Elapsed time spent in this place.
 B = Non-inter-level travel time spent in this place.
 C = Inter-level travel time spent in this place.
 D = Time resting spent in this place.
 E = Time spent auto-exploring this place.
 F = Levels seen in this place.
 G = Mean time per level.
                   A        B        C        D        E       F      G
               +--------+--------+--------+--------+--------+-----+--------+
         Total |   4111 |   3903 |    208 |    125 |   3147 |   6 |  685.2 |
       Dungeon |   3725 |   3517 |    208 |    125 |   2823 |   5 |  745.0 |
         Sewer |    386 |    386 |      0 |      0 |    324 |   1 |  386.0 |
               +--------+--------+--------+--------+--------+-----+--------+

Top non-repeatable levels by time:
     D:2: 1179 daAuts
     D:1: 1005 daAuts
     D:4: 729 daAuts
     D:3: 647 daAuts
   Sewer: 386 daAuts
     D:5: 163 daAuts
